cohdb
Replays
Latest Replays
All Replays
Popular Replays
Top Player Replays
Match Explorer
How It Works
Community
CoH3 Stats
Reddit
Sign in to upload your games and track your stats! →
Sign in with Steam
Match 28848833
Unlisted
Match 28848833
Overview
Messages
Build Orders
End
Construct Infanterie Kompanie
Kettenkrad Recon Vehicle
MG 42 Machine Gun Team
Selects Italian Coastal Battlegroup
Selects Coastal Reserves
Coastal Reserve
Construct Panzergrenadier Kompanie
MG 42 Bunker
MG 42 Bunker
Selects Artillery Officer
Artillery Officer
Panzergrenadier Squad
Pak 40 Anti-tank Gun Team
Selects Support Bunkers
Selects Designated Artillery Overwatch
Construct Panzer Kompanie
MG 42 Bunker
Medical Bunker
GrW 34 Mortar Team
Selects Bulwark
Panzer IV Medium Tank
Designated Artillery Overwatch
MG 42 Bunker
Artillery Officer
Coastal Reserve
Panzer IV Medium Tank
Selects Obice da 210/22 Artillery Emplacement
Bighazelnut
YN_CRSTL
Slezy9
MistrzLataniaNaChmurze
MericaMan_1776
Serial Chiller
0
0
Comments
sign in to comment!
No comments posted yet!